 Dungeon Crawl Stone Soup version 0.27.1-34-g3ba077fa99 (webtiles) character file.

Game seed: 10713317390309407118

58 growler the Digger (level 4, -4/30 HPs)
             Began as a Formicid Earth Elementalist on Jan 13, 2022.
             Slain by a gnoll (12 damage)
             ... on level 2 of the Dungeon.
             The game lasted 00:05:03 (1676 turns).

growler the Digger (Formicid Earth Elementalist)    Turns: 1676, Time: 00:05:04

Health: -4/30      AC:  2    Str: 12    XL:     4   Next: 20%
Magic:  3/8        EV: 12    Int: 16    God:
Gold:   66         SH:  0    Dex: 11    Spells: 8/9 levels left

rFire    . . .     SeeInvis +   a - +1 mace (vorpal)
rCold    . . .     Faith    .   (no shield)
rNeg     . . .     Spirit   .   b - +0 robe
rPois    +         Reflect  .   (helmet unavailable)
rElec    .         Harm     .   (no cloak)
rCorr    .         Rampage  .   (no gloves)
Will     .....                  (no boots)
Stlth    ++........             (no amulet)
HPRegen  0.10/turn              e - ring of poison resistance
MPRegen  0.11/turn              (no ring)

@: no status effects
A: permanent stasis, dig shafts and tunnels, antennae 3, four strong arms
a: Dig, Shaft Self


You were on level 2 of the Dungeon.
You visited 1 branch of the dungeon, and saw 2 of its levels.

You collected 66 gold pieces.

Inventory:

Hand Weapons
 a - a +1 vorpal mace (weapon)
   (You found it on level 1 of the Dungeon)
Missiles
 c - 24 stones
Armour
 b - a +0 robe (worn)
Jewellery
 e - a ring of poison resistance (left hand)
   (You found it on level 1 of the Dungeon)
 g - a ring of resist corrosion
   (You found it on level 1 of the Dungeon)
 i - a +4 ring of protection
   (You found it on level 2 of the Dungeon)
Scrolls
 h - a scroll of identify {unknown}
Potions
 d - 2 potions of berserk rage {unknown}
 f - a potion of heal wounds {unknown}


   Skills:
 - Level 1.7 Dodging
 - Level 2.4 Stealth
 + Level 3.1 Spellcasting
 - Level 2.0 Transmutations
 + Level 4.6 Earth Magic


You had 8 spell levels left.
You knew the following spells:

 Your Spells              Type           Power      Damage    Failure   Level
a - Sandblast             Erth           34%        2d9       2%          1

Your spell library contained the following spells:

 Spells                   Type           Power      Damage    Failure   Level
 Passwall                 Tmut/Erth      10%        N/A       7%          2
 Stone Arrow              Conj/Erth      18%        3d8       22%         3
 Ignite Poison            Fire/Tmut/Pois 4%         N/A       38%         3
 Petrify                  Tmut/Erth      13%        N/A       43%         4
 Conjure Flame            Conj/Fire      2%         6-21      50%         3
 Sticky Flame             Conj/Fire      2%         2d3       88%         4


Dungeon Overview and Level Annotations

Branches:
Dungeon (2/15)

Altars:


Innate Abilities, Weirdness & Mutations

You cannot be hasted, slowed, berserked, paralysed or teleported.
You can dig through walls and to a lower floor.
You have a pair of large antennae on your head. (SInv)
Your four strong arms can wield two-handed weapons with a shield.


Message History

h - a scroll labelled WOZUNE NOWOPRI
i - a +4 ring of protection You sense a monster nearby.
Found an escape hatch in the ceiling.
A frilled lizard and a gnoll come into view.
Found a scroll labelled RON UZUWKOHE.
The gnoll shouts!
The frilled lizard hisses angrily.
You hear a shout! 2 gnolls come into view.
You barely miss the frilled lizard.
The frilled lizard bites you but does no damage.
You hit the gnoll. The frilled lizard closely misses you.
The gnoll barely misses you. The frilled lizard bites you.
You barely miss the gnoll. The gnoll barely misses you.
The frilled lizard closely misses you. The gnoll barely misses you.
You hit the gnoll but do no damage. The gnoll barely misses you.
The frilled lizard completely misses you.
The gnoll barely misses you. x2
The frilled lizard bites you but does no damage.
The gnoll shouts!
Aim: a frilled lizard (66% to hit)
The blast of sand hits the frilled lizard!
You kill the frilled lizard!
You have reached level 4!
You feel clever.
Aim: a gnoll, wielding a +0 flail (heavily wounded, 82% to hit)
The blast of sand hits the gnoll!
You kill the gnoll!
Aim: a gnoll, wielding a +0 halberd (82% to hit)
The blast of sand misses the gnoll.
The gnoll hits you from afar with a +0 halberd!
Aim: a gnoll, wielding a +0 halberd (82% to hit)
The blast of sand hits the gnoll.
The gnoll closely misses you.
Aim: a gnoll, wielding a +0 halberd (lightly wounded, 82% to hit)
The blast of sand hits the gnoll.
The gnoll closely misses you.
Aim: a gnoll, wielding a +0 halberd (moderately wounded, 82% to hit)
The blast of sand hits the gnoll!
The gnoll closely misses you.
Aim: a gnoll, wielding a +0 halberd (almost dead, 82% to hit)
The blast of sand misses the gnoll. x2; The gnoll hits you with a +0 flail!
* * * LOW HITPOINT WARNING * * *
The gnoll closely misses you.
You don't have enough magic to cast this spell.
Unknown command.
Things that are here:
a +0 dagger; a kobold corpse You see here a +0 short sword.
Found a stone staircase leading down.
There is an escape hatch in the ceiling here.
Really go through this one-way escape hatch?
The gnoll hits you with a +0 flail!
You die...

...# #.....#
#...#.#..### ......#
#.... #...>#
......####...###....#
....................#
......####...###...#
.......#..)..#...#
.............g.g@#
.................#
........#.#.........#
.........)#...?.....#
.##.......#.........#
..........##.######...
..#.......#..## ##..
#.#.#####.....# #.
....######..#.##


You could see 2 gnolls.

Vanquished Creatures
  A gnoll (D:2)
  A worm (D:2)
  A dart slug (D:1)
  8 endoplasms
  A giant cockroach (D:1)
  A goblin (D:1)
  6 hobgoblins
  7 kobolds
  3 quokkas
  3 ball pythons
  2 bats (D:1)
  2 frilled lizards
  5 rats (D:1)
41 creatures vanquished.

Notes
Turn   | Place    | Note
-------+----------+-------------------------------------------
     0 | D:1      | growler the Formicid Earth Elementalist began the quest for
                  | the Orb.
     0 | D:1      | Reached XP level 1. HP: 13/13 MP: 3/3
   332 | D:1      | Reached XP level 2. HP: 19/19 MP: 1/5
   669 | D:1      | Reached skill level 4 in Earth Magic
   861 | D:1      | Reached XP level 3. HP: 9/24 MP: 2/6
  1645 | D:2      | Reached XP level 4. HP: 28/30 MP: 6/8
  1676 | D:2      | Slain by a gnoll

Illustrated notes

Levels and vault maps discovered:
D:1:      lordsloth_arrival_two_stooges, layout_basic, minmay_nonomino_d4
D:2:      layout_rooms, minmay_increasing_density, uniq_jessica, uniq_sigmund

Skill      XL: |  1  2  3 |
---------------+----------+-----
Earth Magic    | 4 |  4.6
Transmutations | 2 |  2.0
Spellcasting   | 3 |  3.1
Dodging        | |  1.7
Stealth        | |  2.4

Action                   |  1- 3 |  4- 6 || total
-------------------------+-------+-------++-------
Melee: Mace              |    41 |       ||    41
       Unarmed           |     7 |       ||     7
 Cast: Sandblast         |    40 |     6 ||    46
 Stab: Sleeping          |     2 |       ||     2
Armor: Robe              |    12 |       ||    12
Dodge: Dodged            |    62 |     4 ||    66
